TOP OF THE 1ST |
Santa Fe Diablos batting - Pitching for Montgomery Biscuits : RHP Keith Fitzgerald
|
Pitching: RHP Keith Fitzgerald
|
|
Batting: LHB David Hernández
|
0-0: Foul Ball, location: 2F 0-1: Fly out, F6 (Line Drive, 6)
|
Batting: SHB Ángel Díaz
|
0-0: Called Strike 0-1: Called Strike 0-2: Ball 1-2: Foul Ball, location: 2F 1-2: Ball 2-2: SINGLE (Groundball, 6MD)
|
Batting: LHB Merrill Erickson
|
0-0: Ball 1-0: Ball 2-0: Called Strike 2-1: Called Strike 2-2: Foul Ball, location: 2F 2-2: Strikes out looking
|
Batting: LHB Arturo Rodledo
|
0-0: Ball 1-0: Ball 2-0: Called Strike 2-1: Foul Ball, location: 2F 2-2: Strikes out swinging
|
Top of the 1st over - 0 runs, 1 hit, 0 errors, 1 left on base; Santa Fe 0 - Montgomery 0 |
BOTTOM OF THE 1ST |
Montgomery Biscuits batting - Pitching for Santa Fe Diablos : RHP Luis Libán
|
Pitching: RHP Luis Libán
|
|
Batting: LHB Ron Young
|
0-0: Called Strike 0-1: Ball 1-1: Fly out, F8 (Flyball, 8RD)
|
Batting: LHB Amlak Saitoti
|
0-0: Foul Ball, location: 2F 0-1: SOLO HOME RUN (Flyball, 9LD), Distance : 355 ft
|
Batting: RHB Roy Powell
|
0-0: Ground out 6-3 (Groundball, 6)
|
Batting: SHB Marvin López
|
0-0: Ball 1-0: Reached on error, E3 (Groundball, 34)
|
Batting: LHB Francisco Romo
|
0-0: Ball 1-0: Ball 2-0: Ball 3-0: Called Strike 3-1: Called Strike 3-2: SINGLE (Groundball, 4MD) Marvin López to second Marvin López to third
|
Batting: SHB Lawrence Farley
|
0-0: Ball 1-0: 3-RUN HOME RUN (Flyball, 7D), Distance : 388 ft
|
Batting: LHB José Castillo
|
0-0: Called Strike 0-1: DOUBLE (Line Drive, 89M)
|
Batting: RHB Jorge Guzmán
|
0-0: Ball 1-0: Fly out, F9 (Flyball, 89S)
|
Bottom of the 1st over - 4 runs, 4 hits, 1 error, 1 left on base; Santa Fe 0 - Montgomery 4 |
TOP OF THE 2ND |
Santa Fe Diablos batting - Pitching for Montgomery Biscuits : RHP Keith Fitzgerald
|
Batting: RHB Flint Todd
|
0-0: Foul Ball, location: 2F 0-1: Ball 1-1: Swinging Strike 1-2: Ball 2-2: Strikes out swinging
|
Batting: RHB Mitchell Pate
|
0-0: Ball 1-0: Ball 2-0: Called Strike 2-1: Fly out, F8 (Flyball, 8RD)
|
Batting: RHB Bruce Foley
|
0-0: Ball 1-0: Called Strike 1-1: Foul Ball, location: 2F 1-2: Foul Ball, location: 2F 1-2: Foul Ball, location: 2F 1-2: SINGLE (Flyball, 78S)
|
Batting: RHB Adrián Barrera
|
0-0: Ball 1-0: Ball 2-0: Fly out, F6 (Flyball, 6D)
|
Top of the 2nd over - 0 runs, 1 hit, 0 errors, 1 left on base; Santa Fe 0 - Montgomery 4 |
TOP OF THE 3RD |
Santa Fe Diablos batting - Pitching for Montgomery Biscuits : RHP Keith Fitzgerald
|
Batting: SHB Ed Dundee
|
0-0: Called Strike 0-1: Called Strike 0-2: Ball 1-2: Foul Ball, location: 2F 1-2: Foul Ball, location: 2F 1-2: Foul Ball, location: 2F 1-2: Strikes out looking
|
Batting: LHB David Hernández
|
0-0: Foul Ball, location: 2F 0-1: Called Strike 0-2: Ball 1-2: Hit by Pitch
|
Batting: SHB Ángel Díaz
|
0-0: Ball 1-0: Called Strike 1-1: Ball David Hernández steals 2nd base 2-1: Ball David Hernández is caught stealing 3rd base 3-1: SINGLE (Groundball, 56D)
|
Batting: LHB Merrill Erickson
|
0-0: Foul Ball, location: 2F 0-1: Called Strike 0-2: Ball 1-2: Foul Ball, location: 2F 1-2: Foul Ball, location: 2F 1-2: Ball Ángel Díaz steals 2nd base 2-2: Ball 3-2: Base on Balls
|
Batting: LHB Arturo Rodledo
|
0-0: Ball 1-0: Ball 2-0: Called Strike 2-1: Ball 3-1: Hit by Pitch Ángel Díaz to third Merrill Erickson to second
|
Batting: RHB Flint Todd
|
0-0: Ball 1-0: Called Strike 1-1: Ball 2-1: Ball 3-1: Called Strike 3-2: Fly out, F3 (Popup, 3F)
|
Top of the 3rd over - 0 runs, 1 hit, 0 errors, 3 left on base; Santa Fe 0 - Montgomery 6 |
BOTTOM OF THE 3RD |
Montgomery Biscuits batting - Pitching for Santa Fe Diablos : RHP Luis Libán
|
Batting: SHB Lawrence Farley
|
0-0: Ball 1-0: Foul Ball, location: 2F 1-1: Foul Ball, location: 2F 1-2: Strikes out swinging
|
Batting: LHB José Castillo
|
0-0: Ball 1-0: Swinging Strike 1-1: Ground out U3 (Groundball, 3)
|
Batting: RHB Jorge Guzmán
|
0-0: Ball 1-0: Ground out 5-3 (Groundball, 56)
|
Bottom of the 3rd over - 0 runs, 0 hits, 0 errors, 0 left on base; Santa Fe 0 - Montgomery 6 |
TOP OF THE 4TH |
Santa Fe Diablos batting - Pitching for Montgomery Biscuits : RHP Keith Fitzgerald
|
Batting: RHB Mitchell Pate
|
0-0: Ground out 4-3 (Groundball, 4)
|
Batting: RHB Bruce Foley
|
0-0: Fly out, F9 (Flyball, 9LM)
|
Batting: RHB Adrián Barrera
|
0-0: Swinging Strike 0-1: Swinging Strike 0-2: Ball 1-2: Foul Ball, location: 2F 1-2: Strikes out swinging
|
Top of the 4th over - 0 runs, 0 hits, 0 errors, 0 left on base; Santa Fe 0 - Montgomery 6 |
BOTTOM OF THE 4TH |
Montgomery Biscuits batting - Pitching for Santa Fe Diablos : RHP Luis Libán
|
Batting: RHB António Nevárez
|
0-0: Called Strike 0-1: Foul Ball, location: 2F 0-2: Foul Ball, location: 2F 0-2: Ground out 3-1 (Groundball, 34S)
|
Batting: LHB Ron Young
|
0-0: Ball 1-0: Called Strike 1-1: Foul Ball, location: 2F 1-2: Ball 2-2: Ball 3-2: Fly out, F7 (Flyball, 7S)
|
Batting: LHB Amlak Saitoti
|
0-0: Ball 1-0: Fly out, F4 (Line Drive, 4)
|
Bottom of the 4th over - 0 runs, 0 hits, 0 errors, 0 left on base; Santa Fe 0 - Montgomery 6 |
TOP OF THE 5TH |
Santa Fe Diablos batting - Pitching for Montgomery Biscuits : RHP Keith Fitzgerald
|
Batting: SHB Ed Dundee
|
0-0: Ground out 4-3 (Groundball, 4)
|
Batting: LHB David Hernández
|
0-0: Called Strike 0-1: Ball 1-1: Called Strike 1-2: Ball 2-2: Ball 3-2: Foul Ball, location: 2F 3-2: Strikes out looking
|
Batting: SHB Ángel Díaz
|
0-0: Ball 1-0: Foul Ball, location: 2F 1-1: Ball 2-1: Swinging Strike 2-2: SINGLE (Groundball, 4S) (infield hit)
|
Batting: LHB Merrill Erickson
|
0-0: Ground out 1-3 (Groundball, P)
|
Top of the 5th over - 0 runs, 1 hit, 0 errors, 1 left on base; Santa Fe 0 - Montgomery 6 |
BOTTOM OF THE 5TH |
Montgomery Biscuits batting - Pitching for Santa Fe Diablos : RHP Luis Libán
|
Batting: RHB Roy Powell
|
0-0: DOUBLE (Line Drive, 7LS)
|
Batting: SHB Marvin López
|
0-0: Ball 1-0: Ball 2-0: Ball 3-0: Called Strike 3-1: Swinging Strike 3-2: Fly out, F7 (Flyball, 7S)
|
Batting: LHB Francisco Romo
|
0-0: Ball 1-0: Swinging Strike 1-1: Reached via error on a dropped throw, E3 Roy Powell to third
|
Batting: SHB Lawrence Farley
|
0-0: Ball 1-0: Ball 2-0: Ground out U3 (Groundball, 3S) Roy Powell scores Francisco Romo to second
|
Batting: LHB José Castillo
|
0-0: Foul Ball, location: 2F 0-1: Foul Ball, location: 2F 0-2: Ball 1-2: Foul Ball, location: 2F 1-2: Ball 2-2: Strikes out swinging
|
Bottom of the 5th over - 1 run, 1 hit, 1 error, 1 left on base; Santa Fe 0 - Montgomery 7 |
TOP OF THE 6TH |
Santa Fe Diablos batting - Pitching for Montgomery Biscuits : RHP Keith Fitzgerald
|
Batting: LHB Arturo Rodledo
|
0-0: Ground out 5-3 (Groundball, 56)
|
Batting: RHB Flint Todd
|
0-0: Ball 1-0: Swinging Strike 1-1: Ball 2-1: Swinging Strike 2-2: Foul Ball, location: 2F 2-2: Strikes out looking
|
Batting: RHB Mitchell Pate
|
0-0: Ball 1-0: Called Strike 1-1: Ball 2-1: Ball 3-1: Base on Balls
|
Batting: RHB Bruce Foley
|
0-0: Called Strike 0-1: Ball 1-1: Foul Ball, location: 2F 1-2: Ball 2-2: Strikes out looking
|
Top of the 6th over - 0 runs, 0 hits, 0 errors, 1 left on base; Santa Fe 0 - Montgomery 7 |
BOTTOM OF THE 6TH |
Montgomery Biscuits batting - Pitching for Santa Fe Diablos : RHP Luis Libán
|
Batting: RHB Jorge Guzmán
|
0-0: Ball 1-0: Ground out 6-3 (Groundball, 6M)
|
Batting: RHB António Nevárez
|
0-0: Foul Ball, location: 2F 0-1: Called Strike 0-2: Ball 1-2: Ball 2-2: Foul Ball, location: 2F 2-2: Foul Ball, location: 2F 2-2: Ball 3-2: Foul Ball, location: 2F 3-2: Ground out 6-3 (Groundball, 56D)
|
Batting: LHB Ron Young
|
0-0: Ball 1-0: Foul Ball, location: 2F 1-1: Called Strike 1-2: Foul Ball, location: 2F 1-2: DOUBLE (Flyball, 8LD)
|
Batting: LHB Amlak Saitoti
|
0-0: Ball 1-0: Foul Ball, location: 2F 1-1: Foul Ball, location: 2F 1-2: Ball Wild Pitch! Ron Young to third 2-2: Foul Ball, location: 2F 2-2: Foul Ball, location: 2F 2-2: Ground out 4-3 (Groundball, 4)
|
Bottom of the 6th over - 0 runs, 1 hit, 0 errors, 1 left on base; Santa Fe 0 - Montgomery 7 |
TOP OF THE 7TH |
Santa Fe Diablos batting - Pitching for Montgomery Biscuits : RHP Keith Fitzgerald
|
Now in CF: Gilbert Stegall
|
|
Batting: RHB Adrián Barrera
|
0-0: Ball 1-0: Swinging Strike 1-1: Swinging Strike 1-2: Ball 2-2: Strikes out swinging
|
Batting: SHB Ed Dundee
|
0-0: Ball 1-0: Foul Ball, location: 2F 1-1: Ball 2-1: Foul Ball, location: 2F 2-2: Strikes out swinging
|
Batting: LHB David Hernández
|
0-0: Ball 1-0: Foul Ball, location: 2F 1-1: Foul Ball, location: 2F 1-2: Foul Ball, location: 2F 1-2: SINGLE (Line Drive, 3L)
|
Batting: SHB Ángel Díaz
|
0-0: Ball 1-0: Called Strike David Hernández is caught stealing 2nd base
|
Top of the 7th over - 0 runs, 1 hit, 0 errors, 0 left on base; Santa Fe 0 - Montgomery 7 |
BOTTOM OF THE 7TH |
Montgomery Biscuits batting - Pitching for Santa Fe Diablos : RHP Luis Libán
|
Batting: RHB Roy Powell
|
0-0: Called Strike 0-1: Fly out, F8 (Line Drive, 8LD)
|
Batting: SHB Marvin López
|
0-0: Foul Ball, location: 2F 0-1: SINGLE (Line Drive, 4)
|
Pitching: RHP Ted Stuart
|
|
Batting: LHB Francisco Romo
|
0-0: Called Strike 0-1: Foul Ball, location: 2F 0-2: Foul Ball, location: 2F 0-2: Foul Ball, location: 2F 0-2: Fly out, F5 (Popup, 5S)
|
Batting: SHB Lawrence Farley
|
0-0: Ground out 3-1 (Groundball, 34S)
|
Bottom of the 7th over - 0 runs, 1 hit, 0 errors, 1 left on base; Santa Fe 0 - Montgomery 7 |
TOP OF THE 8TH |
Santa Fe Diablos batting - Pitching for Montgomery Biscuits : RHP Keith Fitzgerald
|
Now at 1B: Kenneth Cruz
|
|
Now in RF: Joe Pierce
|
|
Batting: SHB Ángel Díaz
|
0-0: Foul Ball, location: 2F 0-1: Foul Ball, location: 2F 0-2: DOUBLE (Groundball, 3L)
|
Batting: LHB Merrill Erickson
|
0-0: Foul Ball, location: 2F 0-1: Ball 1-1: DOUBLE (Line Drive, 89XD) Ángel Díaz scores
|
Pitching: RHP Enrique Boyd
|
|
Batting: LHB Arturo Rodledo
|
0-0: Called Strike 0-1: Foul Ball, location: 2F 0-2: Ball 1-2: 2-RUN HOME RUN (Flyball, 89XD), Distance : 403 ft
|
Batting: RHB Flint Todd
|
0-0: Ball 1-0: Ball 2-0: Called Strike 2-1: SINGLE (Groundball, 56S) (infield hit)
|
Batting: RHB Mitchell Pate
|
0-0: Foul Ball, location: 2F 0-1: Foul Ball, location: 2F 0-2: Grounds into double play, 4-6-3 (Groundball, 34)
|
Batting: RHB Bruce Foley
|
0-0: Ball 1-0: Ball 2-0: Foul Ball, location: 2F 2-1: Foul Ball, location: 2F 2-2: Fly out, F5 (Line Drive, 5)
|
Top of the 8th over - 3 runs, 4 hits, 0 errors, 0 left on base; Santa Fe 3 - Montgomery 7 |
BOTTOM OF THE 8TH |
Montgomery Biscuits batting - Pitching for Santa Fe Diablos : RHP Ted Stuart
|
Batting: SHB Joe Pierce
|
0-0: Called Strike 0-1: Foul Ball, location: 2F 0-2: Foul Ball, location: 2F 0-2: Ball 1-2: Ground out U3 (Groundball, 3)
|
Batting: RHB Jorge Guzmán
|
0-0: Ball 1-0: Ball 2-0: Ball 3-0: Called Strike 3-1: Fly out, F9 (Line Drive, 9)
|
Batting: RHB António Nevárez
|
0-0: Ball 1-0: Fly out, F4 (Line Drive, 4M)
|
Bottom of the 8th over - 0 runs, 0 hits, 0 errors, 0 left on base; Santa Fe 3 - Montgomery 7 |
TOP OF THE 9TH |
Santa Fe Diablos batting - Pitching for Montgomery Biscuits : RHP Enrique Boyd
|
Pitching: RHP Ron Simmons
|
|
Batting: RHB Adrián Barrera
|
0-0: SINGLE (Flyball, 8RS)
|
Batting: SHB Ed Dundee
|
0-0: Ball 1-0: Called Strike 1-1: Ball 2-1: Called Strike 2-2: Fly out, F4 (Popup, 4M)
|
Batting: LHB David Hernández
|
0-0: Swinging Strike 0-1: Ball 1-1: Ball 2-1: Ball 3-1: Foul Ball, location: 2F 3-2: Strikes out looking Adrián Barrera is caught stealing 2nd base Batter strikes out.
|
Top of the 9th over - 0 runs, 1 hit, 0 errors, 0 left on base; Santa Fe 3 - Montgomery 7 |
|